 Dungeon Crawl Stone Soup version 0.23-a0-612-gcb482e9 (console) character file.

98 Duffy the Conjurer (level 4, -3/30 HPs)
             Began as a Demonspawn Fire Elementalist on Dec 21, 2018.
             Killed from afar by an orc wizard (7 damage)
             ... with a puff of frost
             ... on level 3 of the Dungeon.
             The game lasted 00:02:20 (2563 turns).

Duffy the Conjurer (Demonspawn Fire Elementalist)   Turns: 2563, Time: 00:02:21

Health: -3/30      AC:  2    Str:  8    XL:     4   Next: 44%
Magic:  0/7        EV: 12    Int: 23    God:
Gold:   113        SH:  0    Dex: 13    Spells: 4/8 levels left

rFire    . . .     SeeInvis .   n - +0 whip (elec)
rCold    . . .     Gourm    .   (no shield)
rNeg     . . .     Faith    .   a - +0 robe
rPois    .         Spirit   +   (no helmet)
rElec    .         Reflect  .   (no cloak)
rCorr    .         Harm     .   (no gloves)
MR       .....                  (no boots)
Stlth    ++++......             k - amulet of the acrobat
HPRegen  0.10/turn              (no ring)
MPRegen  0.10/turn              (no ring)

@: brilliant
A: nightstalker 2, magic shield
a: no special abilities


You were on level 3 of the Dungeon.
You were not hungry.

You visited 1 branch of the dungeon, and saw 3 of its levels.

You collected 113 gold pieces.

Inventory:

Hand Weapons
 b - a +0 whip
 i - a +0 mace of protection
 n - a +0 whip of electrocution (weapon)
Armour
 a - a +0 robe (worn)
Jewellery
 e - an uncursed ring of ice
 k - an amulet of the acrobat (around neck)
Scrolls
 f - 4 scrolls of identify {unknown}
 g - 3 scrolls of remove curse {unknown}
 l - a scroll of random uselessness {unknown}
Potions
 h - a potion of cancellation
Comestibles
 c - 4 rations


   Skills:
 - Level 1.7 Dodging
 - Level 1.7 Stealth
 + Level 2.6 Spellcasting
 + Level 3.2 Conjurations
 + Level 3.2 Fire Magic


You had 4 spell levels left.
You knew the following spells:

 Your Spells              Type           Power        Failure   Level  Hunger
h - Flame Tongue          Conj/Fire      ####.        1%          1    None
l - Conjure Flame         Conj/Fire      ####....     1%          3    ###....

Your spell library contained the following spells:

 Spells                   Type           Power        Failure   Level  Hunger
 Throw Flame              Conj/Fire      ####..       1%          2    ##.....
 Inner Flame              Hex/Fire       ###.....     2%          3    ###....
 Sticky Flame             Conj/Fire      ####....     3%          4    ####...
 Fireball                 Conj/Fire      ####......   10%         5    ######.


Dungeon Overview and Level Annotations

Branches:
Dungeon (3/15)

Altars:


Innate Abilities, Weirdness & Mutations

You are significantly more attuned to the shadows.
When hurt, damage is shared between your health and your magic reserves.


Message History

The orc closely misses you.
The orc wizard hits you with a +0 dagger.
You closely miss the orc wizard.
The orc wizard is lightly wounded.
The orc wizard gestures at you while chanting.
The puff of frost misses you.
The puff of frost hits the orc.
The orc misses you.
The orc wizard hits you but does no damage.
You closely miss the orc wizard.
The orc wizard is lightly wounded.
The orc wizard gestures at you while chanting.
The magic dart hits you! The orc hits you with a +0 club.
You hit the orc wizard but do no damage.
Lightning courses through the orc wizard!
You kill the orc wizard!
The orc barely misses you.
You hear some strange, mumbled words.
A puff of frost appears from out of thin air!
The puff of frost hits you!
You die...

...#.#####.# #...#
...#.#### .# #...#
## ....>...# #
#...#o.. ####.##.#
#.....o. #.$. ..
########....S..
####..##
####(....).###.##(
.#
#oo.oo.....###.##.#
#
#o##.##.##oo....[.#
#@##.oo.##.###.##.#
#)##.##.##.# #
#oo.o...##.#
####.o.....#
.....###### #o....#
#.#.. # #... .#


You could see 5 orcs.

Vanquished Creatures
  An orc wizard (D:3)
  2 adders
  A dart slug (D:2)
  2 leopard geckos
  An orc (D:3)
  6 bats
  A giant cockroach (D:1)
  6 goblins
  7 hobgoblins
  2 jackals (D:1)
  5 frilled lizards
  9 kobolds
  A leopard gecko skeleton (D:3)
  5 rats
49 creatures vanquished.

Notes
Turn   | Place    | Note
-------+----------+-------------------------------------------
     0 | D:1      | Duffy the Demonspawn Fire Elementalist began the quest for
                  | the Orb.
     0 | D:1      | Reached XP level 1. HP: 13/13 MP: 3/3
   268 | D:1      | Gained mutation: You are slightly more attuned to the
                  | shadows. [demonic ancestry]
   268 | D:1      | Reached XP level 2. HP: 19/19 MP: 1/5
  1419 | D:2      | Gained mutation: When hurt, damage is shared between your
                  | health and your magic reserves. [demonic ancestry]
  1419 | D:2      | Reached XP level 3. HP: 24/24 MP: 3/6
  1426 | D:2      | Learned a level 3 spell: Conjure Flame
  2549 | D:3      | Gained mutation: You are significantly more attuned to the
                  | shadows. [demonic ancestry]
  2549 | D:3      | Reached XP level 4. HP: 27/30 MP: 4/7
  2563 | D:3      | Killed from afar by an orc wizard

Vault maps used:
D:1:      eino_arrival_water_star, serial_forest, infiniplex_forest_straight_1,
          infiniplex_forest_straight_4, infiniplex_forest_clump_cross,
          infiniplex_forest_lined_3, infiniplex_forest_end_3,
          infiniplex_forest_zigzag_1, infiniplex_forest_lined_ring,
          infiniplex_forest_lined_room_3, infiniplex_forest_clump_curved,
          chequers_serial_rivers_micro_e
D:3:      minitemple

Skill      XL: |  1  2  3 |
---------------+----------+-----
Conjurations   | 2 3 |  3.2
Fire Magic     | 3 |  3.2
Dodging        | |  1.7
Stealth        | |  1.7
Spellcasting   | |  2.6

Action                   |  1- 3 |  4- 6 || total
-------------------------+-------+-------++-------
Melee: Whip              |    17 |    10 ||    27
       Mace              |    46 |       ||    46
 Cast: Flame Tongue      |    46 |     1 ||    47
  Use: Potion            |       |     3 ||     3
 Stab: Sleeping          |     8 |       ||     8
  Eat: Chunk             |     6 |       ||     6
Armor: Robe              |    22 |     1 ||    23
Dodge: Dodged            |    56 |    16 ||    72

Table legend:
 A = Non-vault XP
 B = Vault XP
 C = Vault XP percentage of total XP
 D = Non-vault monster count
 E = Vault monster count
 F = Vault count percentage of total count
                 A         B        C        D         E       F
            +---------+---------+-------+---------+---------+-------
      Total |     141 |       0 |   0.0 |      49 |       0 |   0.0
            +---------+---------+-------+---------+---------+-------
        D:1 |      38 |       0 |   0.0 |      24 |       0 |   0.0
        D:2 |      40 |       0 |   0.0 |      16 |       0 |   0.0
        D:3 |      63 |       0 |   0.0 |       9 |       0 |   0.0
            +---------+---------+-------+---------+---------+-------
